 Dungeon Crawl Stone Soup version 0.31-a0-485-gaadceae713 (webtiles) character file.

Game seed: 96222110124623007

12 HoaS the Sneak (level 2, -1/17 HPs)
             Began as a Gargoyle Brigand on Aug 7, 2023.
             Slain by a jackal (2 damage)
             ... on level 1 of the Dungeon.
             The game lasted 00:00:49 (217 turns).

HoaS the Sneak (Gargoyle Brigand)                    Turns: 217, Time: 00:00:49

Health: -1/17      AC:  5    Str: 14    XL:     2   Next: 33%
Magic:  2/2        EV: 11    Int: 11    God:
Gold:   13         SH:  0    Dex: 11    Spells: 1/1 levels left

rFire   . . .        a - +2 dagger
rCold   . . .        (no shield)
rNeg    + . .        b - +0 robe
rPois   ∞            (no helmet)
rElec   +            c - +0 cloak
rCorr   .            (no gloves)
SInv    .            (no boots)
Will    .....        (no amulet)
Stlth   +++          (no ring)
HPRegen 0.22/turn    (no ring)
MPRegen 0.08/turn

%: no passive effects
@: no status effects
A: sickness immunity, AC +2, negative energy resistance 1, electricity
resistance, torment resistance 1, petrification resistance
a: no special abilities


You were on level 1 of the Dungeon.
You visited 1 branch of the dungeon, and saw 1 of its levels.

You collected 13 gold pieces.

Inventory:

Hand Weapons
 a - a +2 dagger (weapon)
Missiles
 d - 9 poisoned darts (quivered)
 e - 3 curare-tipped darts
Armour
 b - a +0 robe (worn)
 c - a +0 cloak (worn)
Scrolls
 f - a scroll of noise {unknown}
 g - a scroll of brand weapon {unknown}


   Skills:
 + Level 2.1 Fighting
 + Level 1.9 Short Blades
 + Level 1.9 Throwing
 + Level 0.7 Dodging
 + Level 5.0 Stealth


You had one spell level left.
You didn't know any spells.
Your spell library was empty.

Dungeon Overview and Level Annotations

Branches:
Dungeon (1/15)

Altars:


Innate Abilities, Weirdness & Mutations

You are immune to sickness and miasma.
Your stone body is resilient. (AC +2)
You are immune to poison.
You resist negative energy. (rN+)
You are resistant to electric shocks. (rElec)
You are resistant to unholy torment.
You are immune to petrification.


Message History

The jackal barely misses you. x2
The jackal bites you. x2
* * * LOW HITPOINT WARNING * * *
The jackal barely misses you. The jackal barely misses you.
The jackal closely misses you. x2
The jackal bites you but does no damage.
The jackal bites you.
* * * LOW HITPOINT WARNING * * *
The jackal closely misses you.
The jackal bites you but does no damage. x2
The jackal closely misses you. The jackal bites you.
* * * LOW HITPOINT WARNING * * *
The jackal barely misses you. The jackal closely misses you.
The jackal bites you but does no damage. x2
The jackal closely misses you.
The jackal bites you but does no damage.
The jackal closely misses you. The jackal barely misses you.
The jackal closely misses you.
The jackal bites you but does no damage.
The jackal bites you but does no damage. x2
The jackal closely misses you. The jackal barely misses you.
The jackal bites you but does no damage.
The jackal bites you but does no damage.
The jackal closely misses you. x2
The jackal bites you but does no damage.
The jackal barely misses you. x2
The jackal bites you but does no damage.
The jackal misses you. The jackal closely misses you.
The jackal bites you but does no damage.
The jackal bites you.
* * * LOW HITPOINT WARNING * * *
The jackal barely misses you. The jackal bites you.
* * * LOW HITPOINT WARNING * * *
The jackal barely misses you. The jackal closely misses you.
The jackal barely misses you.
The jackal bites you but does no damage.
The jackal bites you but does no damage. x2
The jackal bites you.
You die...

######### #...[.hh# #@#
#.# #.# #.# #.# #.#
####.###### #.#
#######.........# #.#
#.....#.##.#.##.#
###.###.^...#.##.#.##.#
)...#.......#.##...##.#


You could see 2 jackals.

Vanquished Creatures
  2 giant cockroaches (D:1)
  4 jackals (D:1)
  A ball python (D:1)
  A kobold (D:1)
  4 rats (D:1)
12 creatures vanquished.

Notes
Turn   | Place    | Note
-------+----------+-------------------------------------------
     0 | D:1      | HoaS the Gargoyle Brigand began the quest for the Orb.
     0 | D:1      | Reached XP level 1. HP: 12/12 MP: 1/1
   123 | D:1      | Reached XP level 2. HP: 15/17 MP: 2/2
   196 | D:1      | Reached skill level 5 in Stealth
   217 | D:1      | Slain by a jackal

Illustrated notes

Levels and vault maps discovered:
D:1:      dpeg_arrival_round_a, layout_loops_cross

Skill      XL: |  1  2 |
---------------+-------+-----
Stealth        | 5 |  5.0
Fighting       | |  2.1
Short Blades   | |  1.9
Throwing       | |  1.9
Dodging        | |  0.7

Action                     || total
---------------------------++-------
  Melee: Dagger            ||    32
   Stab: Sleeping          ||     4
 Armour: Robe              ||    41
  Dodge: Dodged            ||    44

Table legend: (Time is in decaauts)
 A = Elapsed time spent in this place.
 B = Non-inter-level travel time spent in this place.
 C = Inter-level travel time spent in this place.
 D = Time resting spent in this place.
 E = Time spent auto-exploring this place.
 F = Levels seen in this place.
 G = Mean time per level.
                   A        B        C        D        E       F      G
               +--------+--------+--------+--------+--------+-----+--------+
         Total |    214 |    214 |      0 |      0 |    117 |   1 |  214.0 |
       Dungeon |    214 |    214 |      0 |      0 |    117 |   1 |  214.0 |
               +--------+--------+--------+--------+--------+-----+--------+

Top non-repeatable levels by time:
     D:1: 214 daAuts
